 Dungeon Crawl Stone Soup version 0.29-a0-542-g075992c915 (webtiles) character file.

Game seed: 1525791443859588102

142 oldriver the Skirmisher (level 5, -3/44 HPs)
             Began as a Palentonga Delver on June 4, 2022.
             Was an Initiate of Okawaru.
             Slain by a scorpion (5 damage)
             ... on level 4 of the Dungeon.
             The game lasted 00:03:34 (3609 turns).

oldriver the Skirmisher (Palentonga Delver)         Turns: 3609, Time: 00:03:35

Health: -3/44      AC:  5    Str: 14 (17) XL:     5   Next: 3%
Magic:  5/5        EV: 12    Int:  7 (10) God:    Okawaru [......]
Gold:   178        SH:  7    Dex:  9 (12) Spells: 4/4 levels left

rFire   . . .      SeeInvis +   a - +0 hand axe
rCold   . . .      Faith    .   h - +0 kite shield
rNeg    . . .      Spirit   .   j - +1 leather armour
rPois   .          Reflect  .   (no helmet)
rElec   .          Harm     .   (no cloak)
rCorr   .          Rampage  .   (no gloves)
Will    .....      Rage     1%  (no barding)
Stlth   ++........              (no amulet)
HPRegen 0.14/turn               i - +4 ring of evasion
MPRegen 0.09/turn               (no ring)

@: brilliant, lethally poisoned (-3 -> -7)
A: large, rugged brown scales 3, see invisible, deformed body, roll 1, armoured
tail, berserk 1, evolution 1
a: Rolling Charge, Renounce Religion


You were on level 4 of the Dungeon.
You worshipped Okawaru.
Okawaru was noncommittal.
You visited 1 branch of the dungeon, and saw 5 of its levels.

You collected 178 gold pieces.

Inventory:

Hand Weapons
 a - a +0 hand axe (weapon)
 b - a +0 hunting sling
Armour
 h - a +0 kite shield (worn)
 j - a +1 leather armour (worn)
Jewellery
 i - a +4 ring of evasion (left hand)
Wands
 g - a wand of digging (3)
 s - a wand of iceblast (7)
Scrolls
 c - 2 scrolls of fog
 d - 2 scrolls of magic mapping
 e - a scroll of fear
 l - a scroll of amnesia
 n - a scroll of noise
 r - a scroll of summoning
Potions
 f - a potion of haste
 k - a potion of magic
 t - 2 potions of degeneration


   Skills:
 + Level 4.1 Fighting
 + Level 3.4 Axes
 - Level 1.5 Dodging
 - Level 3.3 Stealth
 + Level 2.3 Shields


You had 4 spell levels left.
You didn't know any spells.
Your spell library contained the following spells:

 Spells                   Type           Power      Damage    Failure   Level
 Necrotize                Necr           0%         1d4       82%         1
 Vampiric Draining        Necr           0%         2d6       99%         3
 Agony                    Necr           0%         N/A       100%        5


Dungeon Overview and Level Annotations

Branches:
Dungeon (5/15)
 Temple: D:4-7

Altars:
Okawaru
Qazlal

Shops:
D:2 *


Innate Abilities, Weirdness & Mutations

You are completely covered in rugged brown scales. (AC +3, +7% HP)
You have supernaturally acute eyesight. (SInv)
Armour fits poorly on your strangely shaped body.
You can roll at nearby foes to attack.
You have a long armoured tail.
You tend to lose your temper in combat.
You have hidden genetic potential.


Message History

The scorpion poisons you!
You barely miss the scorpion.
The scorpion is heavily wounded.
You feel very sick. The scorpion stings you. x2
You are more poisoned.
The scorpion poisons you!
You hit the scorpion.
You tail-slap the scorpion, but do no damage.
The scorpion is severely wounded.
You feel very sick. The scorpion stings you.
* * * LOW HITPOINT WARNING * * *
It was a potion of mutation.
You feel extremely strange.
You feel a little pissed off.
You feel a hidden potential growing inside you.
* * * LOW HITPOINT WARNING * * *
You feel very sick. You block the scorpion's attack.
It was a potion of might.
You feel very mighty all of a sudden.
* * * LOW HITPOINT WARNING * * *
You feel very sick. You block the scorpion's attack. x2
It was a potion of degeneration.
There was something very wrong with that liquid.
You feel weakened.
You feel dopey.
You feel clumsy.
* * * LOW HITPOINT WARNING * * *
You feel sick. The scorpion misses you.
It was a potion of cancellation.
Your magical effects are unravelling.
You feel magically purged.
You feel a little less mighty now.
* * * LOW HITPOINT WARNING * * *
You feel sick. The scorpion closely misses you.
It was a potion of brilliance.
You feel clever all of a sudden.
* * * LOW HITPOINT WARNING * * *
You feel sick. The scorpion stings you.
You die...

#.........#
...#####'#.# #
.. #.#<# .# ## .
###.#.#####.# #<
................
##
...####.##.##.#
#.......#
#.....#.#.#
##.#.@s....#
#.?....#.....
#..###.# ....
#... .# . ......
.. ###.####.##
#. .# .. .# #.


You could see a scorpion.

Vanquished Creatures
  An iguana (D:3)
  Robin (D:3)
  3 gnolls
  3 worms (D:2)
  2 dart slugs
  An orc (D:4)
  5 bats
  7 endoplasms
  12 goblins
  7 hobgoblins
  4 kobolds
  6 quokkas
  4 ball pythons
  3 frilled lizards
59 creatures vanquished.

Vanquished Creatures (others)
  3 plants
3 creatures vanquished.

Grand Total: 62 creatures vanquished

Notes
Turn   | Place    | Note
-------+----------+-------------------------------------------
     0 | D:5      | oldriver the Palentonga Delver began the quest for the Orb.
     0 | D:5      | Reached XP level 1. HP: 19/19 MP: 1/1
    56 | D:3      | Found an iron altar of Okawaru.
    64 | D:3      | Became a worshipper of Warmaster Okawaru
   201 | D:2      | Reached XP level 2. HP: 25/25 MP: 2/2
   479 | D:1      | Reached skill level 1 in Shields
   794 | D:1      | Reached XP level 3. HP: 27/31 MP: 3/3
  1057 | D:1      | Found a faded altar of an unknown god.
  1354 | D:2      | Found Jaisif's Assorted Antiques.
  1850 | D:3      | Noticed Robin
  2137 | D:3      | Killed Robin
  2138 | D:3      | Reached XP level 4. HP: 34/39 MP: 4/4
  2761 | D:3      | Found a stormy altar of Qazlal.
  3081 | D:3      | Reached skill level 4 in Fighting
  3387 | D:4      | Reached XP level 5. HP: 35/44 MP: 5/5
  3605 | D:4      | Gained mutation: You tend to lose your temper in combat.
                  | [potion of mutation]
  3605 | D:4      | Gained mutation: You have hidden genetic potential. [potion
                  | of mutation]
  3609 | D:4      | HP: 2/44 [poisoned by a scorpion]
  3609 | D:4      | Slain by a scorpion

Illustrated notes

Levels and vault maps discovered:
D:1:      minmay_arrival_checkered_box, layout_basic,
          ebering_ecumenical_altar_hall, minmay_split_cup_large
D:2:      layout_loops_ring, serial_shops, nicolae_shop_overgrown_old_shop
D:3:      layout_basic, nicolae_overflow_hidden_temple, lemuel_crystal_altar,
          uniq_robin
D:4:      layout_basic, lightli_temple_of_fire, mainiacjoe_overflow_alcove_2,
          serial_bayou_pond_a
D:5:      layout_cave_pods, grunt_nemelex_the_gamble, gammafunk_ghost_cemetery,
          hangedman_abyss_or_decor_stabs, uniq_grinder

Skill      XL: |  1  2  3  4 |
---------------+-------------+-----
Shields        | 1 2 |  2.3
Axes           | 3 |  3.4
Fighting       | 4 |  4.1
Dodging        | |  1.5
Stealth        | |  3.3

Action                   |  1- 3 |  4- 6 || total
-------------------------+-------+-------++-------
Melee: Hand axe          |    70 |    68 ||   138
       Tailslap          |     9 |    13 ||    22
 Fire: Hunting sling     |    58 |       ||    58
 Abil: Rolling Charge    |     6 |    10 ||    16
  Use: Scroll            |       |     6 ||     6
       Potion            |       |     6 ||     6
Armor: Leather armour    |    10 |    16 ||    26
Dodge: Dodged            |    39 |    27 ||    66
Block: Kite shield       |    29 |    25 ||    54

Table legend: (Time is in decaauts)
 A = Elapsed time spent in this place.
 B = Non-inter-level travel time spent in this place.
 C = Inter-level travel time spent in this place.
 D = Time resting spent in this place.
 E = Time spent auto-exploring this place.
 F = Levels seen in this place.
 G = Mean time per level.
                   A        B        C        D        E       F      G
               +--------+--------+--------+--------+--------+-----+--------+
         Total |   3679 |   3623 |     56 |    848 |   2174 |   5 |  735.8 |
       Dungeon |   3679 |   3623 |     56 |    848 |   2174 |   5 |  735.8 |
               +--------+--------+--------+--------+--------+-----+--------+

Top non-repeatable levels by time:
     D:3: 1168 daAuts
     D:2: 1104 daAuts
     D:1: 951 daAuts
     D:4: 440 daAuts
     D:5: 14 daAuts
